Monarchs vs Mustangs

Created - June 9, 2017 at 22:05

Goals
1 2 3 T
Monarchs 1 0 1 2
Mustangs 2 2 1 5
Shots
1 2 3 T
Monarchs 20 7 8 35
Mustangs 10 12 13 35

1st period

1. Mustangs , Eric Wellwood 4 (Rick Schofield 7, J.T. Wyman 4) at 7:00
2. Monarchs , Justin Williams 6 (Johnny Gaudreau 8, Riley Sheahan 9) at 13:09 (PP)
3. Mustangs , Riley Armstrong 6 (Ryan Keller 7) at 18:44 (SH)

Penalties :
Eric Gryba (Ham) for Hooking (Minor) at 12:59, Cameron Gaunce (Ham) for Hooking (Minor) at 18:21

2nd period

4. Mustangs , Riley Armstrong 7 (Josh Jooris 3, Denis Bodrov 4) at 12:18
5. Mustangs , Riley Armstrong 8 (Ryan Keller 8) at 15:44 (PP)

Penalties :
Josh Jooris (Ham) for Interference (Minor) at 7:06, Rickard Rakell (MAN) for Hooking (Minor) at 15:40, Alec Martinez (MAN) for Tripping (Minor) at 17:01

3rd period

6. Monarchs , Riley Cote 5 (Matt Irwin 2, Reilly Smith 4) at 9:24
7. Mustangs , Marcus Foligno 4 (Cameron Gaunce 4) at 19:44 (PP)

Penalties :
Tom Gilbert (MAN) for Hooking (Minor) at 9:57, Johnny Gaudreau (MAN) for Hooking (Minor) at 17:51

Goalie Stats

Andrew Hammond (MAN), 30 saves from 35 shots - (0.857), L, 1-1-0, 60:00 minutes
Peter Mannino (Ham), 33 saves from 35 shots - (0.943), W, 4-3-0, 60:00 minutes

Players Stats for Monarchs

Player Name              G  A  P  +/- PIM S  H  SB GA TA FO     MP     PP MP  PK MP  
------------------------------------------------------------------------------------
Alec Martinez            0  0  0   0  2   2  2  1  0  0  0/0    24:20   2:23   2:09 
Alexandre Grenier        0  0  0  -1  0   1  0  1  0  0  0/2     9:08   0:00   1:42 
Brandon Saad             0  0  0  -1  0   0  0  0  0  0  0/0     7:42   0:00   0:25 
Johnny Gaudreau          0  1  1  -2  2   5  1  0  2  1  1/1    19:44   2:43   0:59 
Justin Faulk             0  0  0  -1  0   1  2  1  0  0  0/0    22:01   2:32   1:54 
Justin Williams          1  0  1  -2  0   3  2  0  0  0  1/1    18:37   2:43   0:00 
Matt Irwin               0  1  1   0  0   4  0  1  0  1  0/0    19:31   1:26   0:24 
Matt Tennyson            0  0  0   0  0   0  1  0  0  0  0/0    19:09   1:26   2:33 
Reilly Smith             0  1  1   0  0   2  3  0  0  0  2/2    16:57   1:25   0:00 
Rickard Rakell           0  0  0   1  2   0  0  0  0  0  0/0    11:03   0:00   0:08 
Riley Cote               1  0  1   1  0   1  2  0  0  0  2/4    13:38   0:00   2:33 
Riley Sheahan            0  1  1  -2  0   2  1  0  0  0  12/23  20:13   2:43   1:32 
Shawn Matthias           0  0  0   0  0   5  1  1  0  1  1/1    18:52   0:00   3:11 
Theo Peckham             0  0  0  -1  0   0  0  1  1  1  0/0    18:21   0:00   3:15 
Tom Gilbert              0  0  0  -2  2   3  0  1  1  1  0/0    16:54   0:29   1:35 
Tom Pyatt                0  0  0   0  0   1  1  0  1  2  16/26  18:17   1:25   1:20 
Tyler Toffoli            0  0  0   1  0   4  2  0  1  0  3/4    12:17   1:25   0:00 
Zac Rinaldo              0  0  0  -1  0   1  1  1  0  0  2/2     7:17   0:00   0:00 

Players Stats for Mustangs

Player Name              G  A  P  +/- PIM S  H  SB GA TA FO     MP     PP MP  PK MP  
------------------------------------------------------------------------------------
Alexei Marchenko         0  0  0   0  0   0  0  3  0  1  0/0    12:24   0:00   0:00 
Andrew Shaw              0  0  0   0  0   2  0  0  0  0  0/0     9:31   1:01   0:00 
Ben Eager                0  0  0   1  0   0  3  0  0  0  1/2    18:07   2:13   1:14 
Cameron Gaunce           0  1  1   0  2   4  0  2  1  1  0/0    24:14   3:02   1:02 
Denis Bodrov             0  1  1   1  0   0  0  2  0  0  0/0    21:53   2:53   1:38 
Eric Gryba               0  0  0   1  2   4  1  1  1  3  0/0    25:48   3:02   2:30 
Eric Wellwood            1  0  1   1  0   7  1  2  0  0  1/1    16:57   2:38   0:52 
J.T. Wyman               0  1  1   1  0   2  2  0  0  0  0/1    16:00   2:38   0:00 
Jim O'Brien              0  0  0  -1  0   0  0  1  0  1  4/8    11:26   0:00   0:24 
Josh Jooris              0  1  1  -1  2   0  2  0  0  0  0/0    12:10   1:01   0:00 
Joshua Leivo             0  0  0   0  0   2  0  0  0  0  0/1     8:22   0:00   0:00 
Marcus Foligno           1  0  1  -1  0   3  2  1  2  0  0/0    12:10   1:05   0:00 
Mark Pysyk               0  0  0   1  0   0  2  2  1  0  0/0    21:58   2:53   1:38 
Rick Schofield           0  1  1   1  0   1  1  0  0  0  5/11   16:00   2:38   0:00 
Riley Armstrong          3  0  3   2  0   6  0  2  1  0  10/34  22:11   2:15   2:53 
Riley Nash               0  0  0   0  0   1  1  0  1  0  3/5     8:22   0:00   0:00 
Ryan Keller              0  2  2   2  0   3  3  1  0  0  2/3    22:12   2:16   2:53 
Scott Mayfield           0  0  0   1  0   0  0  1  0  0  0/0    16:04   0:00   1:28 

3 Stars

1 - Riley Armstrong (Ham)
2 - Ryan Keller (Ham)
3 - Peter Mannino (Ham)

Power Play

Monarchs - 1 on 3 Attempt(s) - 33.33%
Mustangs - 2 on 4 Attempt(s) - 50.00%

Penalty Kill

Monarchs - 2 on 4 Attempt(s) - 50.00% - Score 0 goal in Penalty Kill
Mustangs - 2 on 3 Attempt(s) - 66.67% - Score 1 goal in Penalty Kill

Team Stat

Monarchs - Hits : 19 - Faceoff Wins : 40 - Blocked Shots : 8 - Penalty Minutes : 8
Mustangs - Hits : 18 - Faceoff Wins : 26 - Blocked Shots : 18 - Penalty Minutes : 6

Official

Referees : Charron Francis and StPierre Justin
Linesman : Jean Morin and Mike Cvik

Game Notes

Riley Armstrong has scored a Hat Trick!

Finance

Level 1 -- Attendance: 1966 (98.30%) -- Ticket Income $78,640
Level 2 -- Attendance: 969 (96.90%) -- Ticket Income $19,380
Total Attendance: 2935 (97.83%)
Total Ticket Income: $98,020
Other Income: $4,901
Total Income: $102,921

Monarchs

5 vs 5 Forward 
   Center                   Left Wing                Right Wing               Time % Phy DF OF 
 1 Riley Sheahan            Johnny Gaudreau          Justin Williams          35     1   2  2  
 2 Tom Pyatt                Shawn Matthias           Reilly Smith             35     1   2  2  
 3 Tyler Toffoli            Riley Cote               Rickard Rakell           20     1   2  2  
 4 Zac Rinaldo              Brandon Saad             Alexandre Grenier        10     1   2  2  

5 vs 5 Defense 
   Defense                  Defense                                           Time % Phy DF OF 
 1 Alec Martinez            Matt Irwin                                        40     1   3  1  
 2 Theo Peckham             Tom Gilbert                                       30     1   3  1  
 3 Matt Tennyson            Justin Faulk                                      30     1   3  1  
 4 Tom Gilbert              Theo Peckham                                      0      1   2  2  

PowerPlay Forward 
   Center                   Left Wing                Right Wing               Time % Phy DF OF 
 1 Riley Sheahan            Johnny Gaudreau          Justin Williams          60     1   2  2  
 2 Tom Pyatt                Tyler Toffoli            Reilly Smith             40     1   2  2  

PowerPlay Defense
   Defense                  Defense                                           Time % Phy DF OF 
 1 Alec Martinez            Justin Faulk                                      60     1   2  2  
 2 Matt Irwin               Matt Tennyson                                     40     1   2  2  

Penalty Kill 4 Players Forward 
   Center                   Wing                     Time % Phy DF OF 
 1 Riley Cote               Shawn Matthias           60     1   3  1  
 2 Riley Sheahan            Tom Pyatt                40     1   3  1  

Penalty Kill 4 Players Defense
   Defense                  Defense                  Time % Phy DF OF 
 1 Theo Peckham             Alec Martinez            60     1   4  0  
 2 Tom Gilbert              Matt Tennyson            40     1   4  0  

Penalty Kill - 3 Players Forward 
   Forward                                           Time % Phy DF OF 
 1 Riley Cote                                        60     1   2  2  
 2 Tom Pyatt                                         40     1   2  2  

Penalty Kill - 3 Players Defense
   Defense                  Defense                  Time % Phy DF OF 
 1 Alec Martinez            Tom Gilbert              60     1   2  2  
 2 Theo Peckham             Matt Tennyson            40     1   2  2  

4 vs 4 Forward 
   Center                   Wing                     Time % Phy DF OF 
 1 Riley Cote               Justin Williams          60     1   2  2  
 2 Shawn Matthias           Reilly Smith             40     1   2  2  

4 vs 4 Defense
   Defense                  Defense                  Time % Phy DF OF 
 1 Alec Martinez            Tom Gilbert              60     1   2  2  
 2 Theo Peckham             Matt Tennyson            40     1   2  2  

Last Minutes Offensive
   Center                   Left Wing                Right Wing               Defense                  Defense                  
   Riley Sheahan            Johnny Gaudreau          Justin Williams          Alec Martinez            Matt Irwin               

Last Minutes Defensive
   Center                   Left Wing                Right Wing               Defense                  Defense                  
   Riley Sheahan            Riley Cote               Alexandre Grenier        Alec Martinez            Theo Peckham             

Goaltenders
Starting : Andrew Hammond           
Backup : Jhonas Enroth            

Extra Forwards
Normal : Johnny Gaudreau, Reilly Smith, Tyler Toffoli - PP : Rickard Rakell, Brandon Saad - PK : Alexandre Grenier
Extra Defensemen
Normal : Matt Irwin, Alec Martinez, Justin Faulk - PP : Tom Gilbert - PK : Justin Faulk, Matt Irwin
Penalty Shots
Riley Cote, Justin Williams, Shawn Matthias, Reilly Smith, Riley Sheahan

Scratches
Jannik Hansen (Healthy), Joe Morrow (Healthy), Brian Dumoulin (Healthy), Emerson Etem (Healthy), Derek Forbort (Healthy)
Jamie McGinn (Healthy), Tyler McNeely (Healthy), Ty Wishart (Healthy), Ryan White (Healthy), Trevor Lewis (Healthy)
Anthony Peluso (Healthy), Jake Muzzin (Healthy), Patrick Maroon (Healthy), Greg Pateryn (Healthy), Ben Bishop (Healthy)

Mustangs

5 vs 5 Forward 
   Center                   Left Wing                Right Wing               Time % Phy DF OF 
 1 Riley Armstrong          Ben Eager                Ryan Keller              40     1   2  2  
 2 Rick Schofield           Eric Wellwood            J.T. Wyman               30     1   2  2  
 3 Jim O'Brien              Marcus Foligno           Josh Jooris              20     1   2  2  
 4 Riley Nash               Joshua Leivo             Andrew Shaw              10     1   2  2  

5 vs 5 Defense 
   Defense                  Defense                                           Time % Phy DF OF 
 1 Eric Gryba               Cameron Gaunce                                    40     1   2  2  
 2 Denis Bodrov             Mark Pysyk                                        30     1   2  2  
 3 Alexei Marchenko         Scott Mayfield                                    20     1   2  2  
 4 Eric Gryba               Cameron Gaunce                                    10     1   2  2  

PowerPlay Forward 
   Center                   Left Wing                Right Wing               Time % Phy DF OF 
 1 Riley Armstrong          Ben Eager                Ryan Keller              60     1   2  2  
 2 Rick Schofield           Eric Wellwood            J.T. Wyman               40     1   2  2  

PowerPlay Defense
   Defense                  Defense                                           Time % Phy DF OF 
 1 Eric Gryba               Cameron Gaunce                                    60     1   2  2  
 2 Denis Bodrov             Mark Pysyk                                        40     1   2  2  

Penalty Kill 4 Players Forward 
   Center                   Wing                     Time % Phy DF OF 
 1 Riley Armstrong          Ryan Keller              60     1   2  2  
 2 Ben Eager                Eric Wellwood            40     1   2  2  

Penalty Kill 4 Players Defense
   Defense                  Defense                  Time % Phy DF OF 
 1 Eric Gryba               Cameron Gaunce           60     1   2  2  
 2 Denis Bodrov             Mark Pysyk               40     1   2  2  

Penalty Kill - 3 Players Forward 
   Forward                                           Time % Phy DF OF 
 1 Riley Armstrong                                   60     1   2  2  
 2 Ryan Keller                                       40     1   2  2  

Penalty Kill - 3 Players Defense
   Defense                  Defense                  Time % Phy DF OF 
 1 Eric Gryba               Cameron Gaunce           60     1   2  2  
 2 Denis Bodrov             Mark Pysyk               40     1   2  2  

4 vs 4 Forward 
   Center                   Wing                     Time % Phy DF OF 
 1 Riley Armstrong          Ryan Keller              60     1   2  2  
 2 Ben Eager                Eric Wellwood            40     1   2  2  

4 vs 4 Defense
   Defense                  Defense                  Time % Phy DF OF 
 1 Eric Gryba               Cameron Gaunce           60     1   2  2  
 2 Denis Bodrov             Mark Pysyk               40     1   2  2  

Last Minutes Offensive
   Center                   Left Wing                Right Wing               Defense                  Defense                  
   Riley Armstrong          Ben Eager                Ryan Keller              Eric Gryba               Cameron Gaunce           

Last Minutes Defensive
   Center                   Left Wing                Right Wing               Defense                  Defense                  
   Riley Armstrong          Ben Eager                Ryan Keller              Eric Gryba               Cameron Gaunce           

Goaltenders
Starting : Peter Mannino            
Backup : Chet Pickard             

Extra Forwards
Normal : Marcus Foligno, Josh Jooris, Jim O'Brien - PP : Marcus Foligno, Josh Jooris - PK : Jim O'Brien
Extra Defensemen
Normal : Alexei Marchenko, Scott Mayfield, Denis Bodrov - PP : Alexei Marchenko - PK : Scott Mayfield, Denis Bodrov
Penalty Shots
Riley Armstrong, Ryan Keller, Ben Eager, Eric Wellwood, J.T. Wyman

Scratches
Roman Horak (Healthy), Jerome Samson (Healthy), Dominik Uher (Healthy), Joe Finley (Healthy), Eric Knodel (Healthy)
Curtis Hamilton (Healthy), Danny Biega (Healthy), Francis Paré (Healthy), Justin Peters (Healthy), Joacim Eriksson (Healthy)

% Time on Ice - Monarchs

Lines # - Real PCT - Wanted PCT - Time Play
Normal Forward
1 - 32% - 35% - 16:12
2 - 31% - 35% - 15:32
3 - 22% - 20% - 10:56
4 - 15% - 10% - 7:17
Normal Defense
1 - 40% - 40% - 20:05
2 - 29% - 30% - 14:28
3 - 30% - 30% - 15:10
4 - 0% - 0% - 0:14
PP Forward
1 - 66% - 60% - 2:43
2 - 34% - 40% - 1:25
PP Defense
1 - 65% - 60% - 2:42
2 - 35% - 40% - 1:26
PK Forward
1 - 77% - 60% - 4:35
2 - 23% - 40% - 1:20
PK Defense
1 - 57% - 60% - 3:22
2 - 43% - 40% - 2:33
PK3 Forward
1 - 0% - 60%
2 - 0% - 40%
PK3 Defense
1 - 0% - 60%
2 - 0% - 40%
44 Forward
1 - 0% - 60%
2 - 0% - 40%
44 Defense
1 - 0% - 60%
2 - 0% - 40%
Last Minute Offensive  - 0:00
Last Minute Defensive  - 0:00
Total
Forward - 60:00
Defense - 60:00

% Time on Ice - Mustangs

Lines # - Real PCT - Wanted PCT - Time Play
Normal Forward
1 - 35% - 40% - 17:39
2 - 27% - 30% - 13:22
3 - 21% - 20% - 10:34
4 - 17% - 10% - 8:22
Normal Defense
1 - 36% - 40% - 18:08
2 - 35% - 30% - 17:22
3 - 25% - 20% - 12:24
4 - 4% - 10% - 2:03
PP Forward
1 - 55% - 60% - 3:17
2 - 45% - 40% - 2:38
PP Defense
1 - 51% - 60% - 3:02
2 - 49% - 40% - 2:53
PK Forward
1 - 79% - 60% - 3:17
2 - 21% - 40% - 0:51
PK Defense
1 - 60% - 60% - 2:30
2 - 40% - 40% - 1:38
PK3 Forward
1 - 0% - 60%
2 - 0% - 40%
PK3 Defense
1 - 0% - 60%
2 - 0% - 40%
44 Forward
1 - 0% - 60%
2 - 0% - 40%
44 Defense
1 - 0% - 60%
2 - 0% - 40%
Last Minute Offensive  - 0:00
Last Minute Defensive  - 0:00
Total
Forward - 60:00
Defense - 60:00

Play by Play

1st period


0:01 of 1st period - Riley Sheahan wins face-off versus Riley Armstrong in neutral zone.
0:32 of 1st period - J.T. Wyman is hit by Shawn Matthias and loses puck.
1:16 of 1st period - Zac Rinaldo is hit by Mark Pysyk and loses puck.
1:31 of 1st period - Slapshot by Tom Gilbert.
1:31 of 1st period - Stopped by Peter Mannino without a rebound.
1:32 of 1st period - Riley Sheahan wins face-off versus Riley Armstrong in Mustangs zone.
1:39 of 1st period - Wrist shot by Johnny Gaudreau.
1:39 of 1st period - Shot Blocked by Riley Armstrong.
1:59 of 1st period - Mark Pysyk is hit by Riley Sheahan and loses puck.
2:39 of 1st period - Snap shot by Johnny Gaudreau.
2:39 of 1st period - Shot Blocked by Mark Pysyk.
2:41 of 1st period - Snap shot by Justin Faulk.
2:41 of 1st period - Shot Misses the Net.
2:56 of 1st period - Snap shot by Riley Sheahan.
2:56 of 1st period - Shot Misses the Net.
3:01 of 1st period - Slapshot by Riley Sheahan.
3:01 of 1st period - Stopped by Peter Mannino without a rebound.
3:02 of 1st period - Tom Pyatt wins face-off versus Rick Schofield in Mustangs zone.
3:15 of 1st period - Snap shot by Reilly Smith.
3:15 of 1st period - Stopped by Peter Mannino without a rebound.
3:16 of 1st period - Tom Pyatt wins face-off versus Jim O'Brien in Mustangs zone.
3:19 of 1st period - Snap shot by Tom Pyatt.
3:19 of 1st period - Shot Blocked by Alexei Marchenko.
3:21 of 1st period - Snap shot by Tom Pyatt.
3:21 of 1st period - Deflect By Reilly Smith.
3:21 of 1st period - Shot Misses the Net.
3:21 of 1st period - Puck is out of play.
3:22 of 1st period - Tom Pyatt wins face-off versus Jim O'Brien in Mustangs zone.
3:25 of 1st period - Snap shot by Shawn Matthias.
3:25 of 1st period - Stopped by Peter Mannino with a rebound.
3:27 of 1st period - Slapshot by Justin Faulk.
3:27 of 1st period - Shot Blocked by Alexei Marchenko.
3:29 of 1st period - Slapshot by Justin Faulk.
3:29 of 1st period - Shot Blocked by Marcus Foligno.
4:42 of 1st period - Wrist shot by Riley Cote.
4:42 of 1st period - Shot Blocked by Eric Wellwood.
6:20 of 1st period - Wrist shot by Riley Nash.
6:20 of 1st period - Stopped by Andrew Hammond without a rebound.
6:21 of 1st period - Rick Schofield wins face-off versus Riley Sheahan in Monarchs zone.
6:30 of 1st period - Snap shot by Eric Wellwood.
6:30 of 1st period - Stopped by Andrew Hammond without a rebound.
6:31 of 1st period - Riley Sheahan wins face-off versus J.T. Wyman in Monarchs zone.
6:40 of 1st period - Wrist shot by Johnny Gaudreau.
6:40 of 1st period - Shot Blocked by Eric Wellwood.
6:51 of 1st period - Matt Irwin is hit by J.T. Wyman and loses puck.
7:00 of 1st period - Snap shot by Eric Wellwood.
7:00 of 1st period - Goal by Eric Wellwood - Monarchs : 0 - Mustangs : 1.
7:01 of 1st period - Tom Pyatt wins face-off versus Riley Armstrong in neutral zone.
7:12 of 1st period - Snap shot by Reilly Smith.
7:12 of 1st period - Stopped by Peter Mannino with a rebound.
7:14 of 1st period - Slapshot by Tom Gilbert.
7:14 of 1st period - Stopped by Peter Mannino without a rebound.
7:15 of 1st period - Jim O'Brien wins face-off versus Tom Pyatt in Mustangs zone.
7:15 of 1st period - Jim O'Brien is hit by Reilly Smith.
7:23 of 1st period - Wrist shot by Marcus Foligno.
7:23 of 1st period - Stopped by Andrew Hammond without a rebound.
7:24 of 1st period - Tom Pyatt wins face-off versus Jim O'Brien in Monarchs zone.
7:37 of 1st period - Slapshot by Josh Jooris.
7:37 of 1st period - Shot Blocked by Matt Irwin.
7:39 of 1st period - Slapshot by Eric Gryba.
7:39 of 1st period - Stopped by Andrew Hammond without a rebound.
7:40 of 1st period - Tyler Toffoli wins face-off versus Riley Armstrong in Monarchs zone.
7:51 of 1st period - Snap shot by Riley Armstrong.
7:51 of 1st period - Stopped by Andrew Hammond without a rebound.
7:52 of 1st period - Tom Pyatt wins face-off versus Riley Armstrong in Monarchs zone.
8:26 of 1st period - Slapshot by Tom Gilbert.
8:26 of 1st period - Shot Blocked by Cameron Gaunce.
8:44 of 1st period - Mark Pysyk is hit by Riley Cote and loses puck.
9:23 of 1st period - Ryan Keller is hit by Tom Pyatt and loses puck.
11:31 of 1st period - Wrist shot by Josh Jooris.
11:31 of 1st period - Shot Blocked by Tom Gilbert.
11:47 of 1st period - Wrist shot by Riley Cote.
11:47 of 1st period - Deflect By Tyler Toffoli.
11:47 of 1st period - Stopped by Peter Mannino with a rebound.
12:01 of 1st period - Wrist shot by J.T. Wyman.
12:01 of 1st period - Shot Misses the Net.
12:03 of 1st period - Snap shot by Eric Wellwood.
12:03 of 1st period - Stopped by Andrew Hammond with a rebound.
12:29 of 1st period - Slapshot by Cameron Gaunce.
12:29 of 1st period - Shot Misses the Net.
12:31 of 1st period - Snap shot by Riley Nash.
12:31 of 1st period - Shot Misses the Net.
12:45 of 1st period - Snap shot by Johnny Gaudreau.
12:45 of 1st period - Stopped by Peter Mannino with a rebound.
12:47 of 1st period - Slapshot by Justin Faulk.
12:47 of 1st period - Shot Misses the Net.
12:59 of 1st period - Minor Penalty to Eric Gryba for Hooking.
13:00 of 1st period - Riley Sheahan wins face-off versus Riley Armstrong in Mustangs zone.
13:09 of 1st period - Wrist shot by Justin Williams.
13:09 of 1st period - Deflect By Riley Armstrong.
13:09 of 1st period - Goal by Justin Williams - Monarchs : 1 - Mustangs : 1.
13:10 of 1st period - Tom Pyatt wins face-off versus Riley Armstrong in neutral zone.
14:02 of 1st period - Slapshot by Riley Cote.
14:02 of 1st period - Shot Blocked by Denis Bodrov.
14:04 of 1st period - Snap shot by Riley Cote.
14:04 of 1st period - Shot Blocked by Mark Pysyk.
14:06 of 1st period - Slapshot by Alec Martinez.
14:06 of 1st period - Stopped by Peter Mannino without a rebound.
14:07 of 1st period - Tom Pyatt wins face-off versus Riley Armstrong in Mustangs zone.
14:10 of 1st period - Wrist shot by Shawn Matthias.
14:10 of 1st period - Shot Blocked by Ryan Keller.
14:12 of 1st period - Slapshot by Tom Gilbert.
14:12 of 1st period - Deflect By Eric Gryba.
14:12 of 1st period - Stopped by Peter Mannino without a rebound.
14:13 of 1st period - Reilly Smith wins face-off versus Ben Eager in Mustangs zone.
14:45 of 1st period - Icing by Tom Gilbert.
14:46 of 1st period - Riley Sheahan wins face-off versus Rick Schofield in Monarchs zone.
14:59 of 1st period - Snap shot by J.T. Wyman.
14:59 of 1st period - Shot Misses the Net.
15:01 of 1st period - Snap shot by Eric Wellwood.
15:01 of 1st period - Stopped by Andrew Hammond with a rebound.
15:11 of 1st period - Justin Williams is hit by Marcus Foligno and loses puck.
16:14 of 1st period - Slapshot by Johnny Gaudreau.
16:14 of 1st period - Stopped by Peter Mannino without a rebound.
16:15 of 1st period - Tom Pyatt wins face-off versus Rick Schofield in Mustangs zone.
16:18 of 1st period - Snap shot by Shawn Matthias.
16:18 of 1st period - Stopped by Peter Mannino with a rebound.
16:20 of 1st period - Snap shot by Shawn Matthias.
16:20 of 1st period - Stopped by Peter Mannino without a rebound.
16:21 of 1st period - Tom Pyatt wins face-off versus Rick Schofield in Mustangs zone.
18:14 of 1st period - Snap shot by Shawn Matthias.
18:14 of 1st period - Stopped by Peter Mannino without a rebound.
18:15 of 1st period - Tyler Toffoli wins face-off versus Ryan Keller in Mustangs zone.
18:16 of 1st period - Snap shot by Riley Cote.
18:16 of 1st period - Shot Misses the Net.
18:18 of 1st period - Slapshot by Justin Faulk.
18:18 of 1st period - Stopped by Peter Mannino without a rebound.
18:19 of 1st period - Riley Armstrong wins face-off versus Tyler Toffoli in Mustangs zone.
18:21 of 1st period - Minor Penalty to Cameron Gaunce for Hooking.
18:22 of 1st period - Johnny Gaudreau wins face-off versus Riley Armstrong in Mustangs zone.
18:34 of 1st period - Wrist shot by Justin Williams.
18:34 of 1st period - Stopped by Peter Mannino without a rebound.
18:35 of 1st period - Riley Armstrong wins face-off versus Riley Sheahan in Mustangs zone.
18:42 of 1st period - Wrist shot by Ryan Keller.
18:42 of 1st period - Stopped by Andrew Hammond with a rebound.
18:44 of 1st period - Snap shot by Riley Armstrong.
18:44 of 1st period - Goal by Riley Armstrong - Monarchs : 1 - Mustangs : 2.
18:45 of 1st period - Riley Sheahan wins face-off versus Riley Armstrong in neutral zone.
18:52 of 1st period - Snap shot by Riley Sheahan.
18:52 of 1st period - Stopped by Peter Mannino with a rebound.
18:54 of 1st period - Slapshot by Alec Martinez.
18:54 of 1st period - Shot Misses the Net.
18:56 of 1st period - Wrist shot by Riley Sheahan.
18:56 of 1st period - Shot Misses the Net.
18:58 of 1st period - Wrist shot by Riley Sheahan.
18:58 of 1st period - Shot Misses the Net.
19:20 of 1st period - Wrist shot by Tyler Toffoli.
19:20 of 1st period - Stopped by Peter Mannino without a rebound.
19:21 of 1st period - Justin Williams wins face-off versus Riley Armstrong in Mustangs zone.
19:22 of 1st period - Snap shot by Johnny Gaudreau.
19:22 of 1st period - Stopped by Peter Mannino without a rebound.
19:23 of 1st period - Ryan Keller wins face-off versus Riley Sheahan in Mustangs zone.
Goals for this period are 1 for Monarchs vs 2 for Mustangs.
Shots for this period are 20 for Monarchs vs 10 for Mustangs.

2nd period


0:01 of 2nd period - Ryan Keller wins face-off versus Riley Sheahan in neutral zone.
0:10 of 2nd period - Slapshot by Riley Armstrong.
0:10 of 2nd period - Deflect By Justin Williams.
0:10 of 2nd period - Shot Hit the Post.
0:10 of 2nd period - Puck is out of play.
0:11 of 2nd period - Riley Sheahan wins face-off versus Riley Armstrong in Monarchs zone.
0:18 of 2nd period - Snap shot by Alec Martinez.
0:18 of 2nd period - Deflect By Riley Sheahan.
0:18 of 2nd period - Shot Blocked by Riley Armstrong.
0:18 of 2nd period - Puck is out of play.
0:19 of 2nd period - Riley Sheahan wins face-off versus Riley Armstrong in Mustangs zone.
0:21 of 2nd period - Penalty to Cameron Gaunce is over, Cameron Gaunce is back on ice.
0:22 of 2nd period - Snap shot by Justin Williams.
0:22 of 2nd period - Shot Misses the Net.
0:34 of 2nd period - Riley Armstrong is hit by Alec Martinez and loses puck.
0:51 of 2nd period - Ryan Keller is hit by Justin Faulk and loses puck.
1:08 of 2nd period - Wrist shot by Justin Williams.
1:08 of 2nd period - Stopped by Peter Mannino with a rebound.
1:10 of 2nd period - Snap shot by Justin Williams.
1:10 of 2nd period - Shot Misses the Net.
1:12 of 2nd period - Slapshot by Alec Martinez.
1:12 of 2nd period - Shot Blocked by Eric Gryba.
2:03 of 2nd period - Slapshot by Eric Gryba.
2:03 of 2nd period - Deflect By Justin Williams.
2:03 of 2nd period - Stopped by Andrew Hammond with a rebound.
2:43 of 2nd period - Wrist shot by Justin Williams.
2:43 of 2nd period - Deflect By Riley Sheahan.
2:43 of 2nd period - Shot Blocked by Scott Mayfield.
2:43 of 2nd period - Puck is out of play.
2:44 of 2nd period - Tyler Toffoli wins face-off versus Jim O'Brien in Mustangs zone.
2:45 of 2nd period - Snap shot by Tom Gilbert.
2:45 of 2nd period - Deflect By Tyler Toffoli.
2:45 of 2nd period - Stopped by Peter Mannino with a rebound.
2:57 of 2nd period - Slapshot by Tom Gilbert.
2:57 of 2nd period - Deflect By Riley Cote.
2:57 of 2nd period - Shot Misses the Net.
2:57 of 2nd period - Puck is out of play.
2:58 of 2nd period - Reilly Smith wins face-off versus Rick Schofield in Mustangs zone.
3:32 of 2nd period - Marcus Foligno is hit by Riley Cote and loses puck.
3:55 of 2nd period - Slapshot by Alexandre Grenier.
3:55 of 2nd period - Shot Misses the Net.
3:57 of 2nd period - Wrist shot by Zac Rinaldo.
3:57 of 2nd period - Stopped by Peter Mannino with a rebound.
4:06 of 2nd period - Icing by Denis Bodrov.
4:07 of 2nd period - Rick Schofield wins face-off versus Tom Pyatt in Mustangs zone.
4:18 of 2nd period - Snap shot by Rick Schofield.
4:18 of 2nd period - Deflect By J.T. Wyman.
4:18 of 2nd period - Shot Misses the Net.
4:18 of 2nd period - Puck is out of play.
4:19 of 2nd period - Jim O'Brien wins face-off versus Tom Pyatt in Monarchs zone.
4:20 of 2nd period - Snap shot by Marcus Foligno.
4:20 of 2nd period - Shot Misses the Net.
4:52 of 2nd period - Riley Cote is hit by J.T. Wyman and loses puck.
4:58 of 2nd period - Off-side.
4:59 of 2nd period - Zac Rinaldo wins face-off versus Joshua Leivo in neutral zone.
5:02 of 2nd period - Slapshot by Alec Martinez.
5:02 of 2nd period - Stopped by Peter Mannino with a rebound.
5:45 of 2nd period - Wrist shot by Eric Wellwood.
5:45 of 2nd period - Stopped by Andrew Hammond with a rebound.
5:47 of 2nd period - Slapshot by Cameron Gaunce.
5:47 of 2nd period - Stopped by Andrew Hammond with a rebound.
5:53 of 2nd period - Snap shot by Rick Schofield.
5:53 of 2nd period - Deflect By J.T. Wyman.
5:53 of 2nd period - Stopped by Andrew Hammond without a rebound.
5:54 of 2nd period - Riley Armstrong wins face-off versus Riley Sheahan in Monarchs zone.
5:57 of 2nd period - Snap shot by Riley Armstrong.
5:57 of 2nd period - Shot Misses the Net.
5:59 of 2nd period - Snap shot by Alexei Marchenko.
5:59 of 2nd period - Deflect By Riley Armstrong.
5:59 of 2nd period - Stopped by Andrew Hammond without a rebound.
6:00 of 2nd period - Riley Sheahan wins face-off versus Riley Armstrong in Monarchs zone.
6:00 of 2nd period - Riley Sheahan is hit by Ryan Keller.
6:56 of 2nd period - Snap shot by Josh Jooris.
6:56 of 2nd period - Shot Misses the Net.
7:06 of 2nd period - Minor Penalty to Josh Jooris for Interference.
7:07 of 2nd period - Riley Sheahan wins face-off versus Riley Armstrong in Mustangs zone.
7:16 of 2nd period - Slapshot by Johnny Gaudreau.
7:16 of 2nd period - Stopped by Peter Mannino with a rebound.
7:23 of 2nd period - Snap shot by Justin Williams.
7:23 of 2nd period - Shot Misses the Net.
8:23 of 2nd period - Wrist shot by Ryan Keller.
8:23 of 2nd period - Shot Misses the Net.
8:52 of 2nd period - Eric Gryba is hit by Tyler Toffoli and loses puck.
9:06 of 2nd period - Penalty to Josh Jooris is over, Josh Jooris is back on ice.
9:21 of 2nd period - Slapshot by Cameron Gaunce.
9:21 of 2nd period - Deflect By Theo Peckham.
9:21 of 2nd period - Stopped by Andrew Hammond with a rebound.
10:16 of 2nd period - Joshua Leivo is hit by Zac Rinaldo and loses puck.
11:17 of 2nd period - Justin Faulk is hit by Ryan Keller and loses puck.
11:28 of 2nd period - Shawn Matthias is hit by Riley Nash and loses puck.
12:05 of 2nd period - Denis Bodrov is hit by Justin Williams and loses puck.
12:18 of 2nd period - Wrist shot by Riley Armstrong.
12:18 of 2nd period - Goal by Riley Armstrong - Monarchs : 1 - Mustangs : 3.
12:19 of 2nd period - Tom Pyatt wins face-off versus Riley Armstrong in neutral zone.
12:28 of 2nd period - Slapshot by Eric Gryba.
12:28 of 2nd period - Deflect By Riley Armstrong.
12:28 of 2nd period - Shot Blocked by Shawn Matthias.
12:28 of 2nd period - Puck is out of play.
12:29 of 2nd period - Riley Armstrong wins face-off versus Tom Pyatt in Monarchs zone.
12:42 of 2nd period - Slapshot by Ryan Keller.
12:42 of 2nd period - Shot Misses the Net.
12:44 of 2nd period - Snap shot by Eric Gryba.
12:44 of 2nd period - Shot Misses the Net.
12:50 of 2nd period - Snap shot by Riley Armstrong.
12:50 of 2nd period - Stopped by Andrew Hammond without a rebound.
12:51 of 2nd period - Riley Sheahan wins face-off versus Rick Schofield in Monarchs zone.
13:16 of 2nd period - Tyler Toffoli is hit by Josh Jooris and loses puck.
13:37 of 2nd period - Cameron Gaunce is hit by Alec Martinez and loses puck.
13:56 of 2nd period - Snap shot by Riley Armstrong.
13:56 of 2nd period - Shot Misses the Net.
13:58 of 2nd period - Slapshot by Eric Gryba.
13:58 of 2nd period - Stopped by Andrew Hammond with a rebound.
14:00 of 2nd period - Slapshot by Cameron Gaunce.
14:00 of 2nd period - Stopped by Andrew Hammond without a rebound.
14:01 of 2nd period - Riley Nash wins face-off versus Riley Sheahan in Monarchs zone.
14:04 of 2nd period - Snap shot by Joshua Leivo.
14:04 of 2nd period - Stopped by Andrew Hammond with a rebound.
14:27 of 2nd period - Icing by Mark Pysyk.
14:28 of 2nd period - Riley Nash wins face-off versus Tom Pyatt in Mustangs zone.
14:33 of 2nd period - Wrist shot by Tom Pyatt.
14:33 of 2nd period - Stopped by Peter Mannino without a rebound.
14:34 of 2nd period - Tom Pyatt wins face-off versus Riley Armstrong in Mustangs zone.
14:37 of 2nd period - Slapshot by Reilly Smith.
14:37 of 2nd period - Deflect By Shawn Matthias.
14:37 of 2nd period - Stopped by Peter Mannino without a rebound.
14:38 of 2nd period - Tom Pyatt wins face-off versus Riley Armstrong in Mustangs zone.
14:39 of 2nd period - Snap shot by Shawn Matthias.
14:39 of 2nd period - Shot Misses the Net.
14:41 of 2nd period - Slapshot by Shawn Matthias.
14:41 of 2nd period - Shot Misses the Net.
14:43 of 2nd period - Wrist shot by Tom Pyatt.
14:43 of 2nd period - Shot Misses the Net.
15:03 of 2nd period - Justin Faulk is hit by Rick Schofield and loses puck.
15:40 of 2nd period - Minor Penalty to Rickard Rakell for Hooking.
15:41 of 2nd period - Riley Armstrong wins face-off versus Riley Cote in Monarchs zone.
15:44 of 2nd period - Snap shot by Riley Armstrong.
15:44 of 2nd period - Goal by Riley Armstrong - Monarchs : 1 - Mustangs : 4.
15:45 of 2nd period - Riley Armstrong wins face-off versus Tom Pyatt in neutral zone.
15:48 of 2nd period - Slapshot by Cameron Gaunce.
15:48 of 2nd period - Shot Misses the Net.
16:22 of 2nd period - Wrist shot by Justin Williams.
16:22 of 2nd period - Deflect By Riley Sheahan.
16:22 of 2nd period - Shot Blocked by Cameron Gaunce.
16:22 of 2nd period - Puck is out of play.
16:23 of 2nd period - Jim O'Brien wins face-off versus Riley Sheahan in Mustangs zone.
16:48 of 2nd period - Mark Pysyk is hit by Reilly Smith and loses puck.
16:54 of 2nd period - Icing by Riley Armstrong.
16:55 of 2nd period - Riley Armstrong wins face-off versus Tom Pyatt in Mustangs zone.
17:01 of 2nd period - Minor Penalty to Alec Martinez for Tripping.
17:02 of 2nd period - Riley Cote wins face-off versus Riley Armstrong in Monarchs zone.
18:01 of 2nd period - Johnny Gaudreau is hit by Ben Eager and loses puck.
19:01 of 2nd period - Penalty to Alec Martinez is over, Alec Martinez is back on ice.
19:02 of 2nd period - Alec Martinez is hit by Josh Jooris and loses puck.
Goals for this period are 0 for Monarchs vs 2 for Mustangs.
Shots for this period are 7 for Monarchs vs 12 for Mustangs.

3rd period


0:01 of 3rd period - Tom Pyatt wins face-off versus Riley Armstrong in neutral zone.
0:09 of 3rd period - Eric Gryba is hit by Reilly Smith and loses puck.
0:15 of 3rd period - Off-side.
0:16 of 3rd period - Rick Schofield wins face-off versus Riley Sheahan in neutral zone.
0:29 of 3rd period - Snap shot by Rick Schofield.
0:29 of 3rd period - Shot Misses the Net.
0:31 of 3rd period - Slapshot by Eric Gryba.
0:31 of 3rd period - Stopped by Andrew Hammond without a rebound.
0:32 of 3rd period - Riley Armstrong wins face-off versus Tom Pyatt in Monarchs zone.
0:35 of 3rd period - Wrist shot by Riley Armstrong.
0:35 of 3rd period - Shot Misses the Net.
0:37 of 3rd period - Wrist shot by Cameron Gaunce.
0:37 of 3rd period - Stopped by Andrew Hammond without a rebound.
0:38 of 3rd period - Tom Pyatt wins face-off versus Riley Armstrong in Monarchs zone.
1:31 of 3rd period - Slapshot by Alec Martinez.
1:31 of 3rd period - Shot Blocked by Alexei Marchenko.
4:10 of 3rd period - Slapshot by Tyler Toffoli.
4:10 of 3rd period - Stopped by Peter Mannino with a rebound.
4:12 of 3rd period - Backhand shot by Matt Irwin.
4:12 of 3rd period - Stopped by Peter Mannino with a rebound.
4:14 of 3rd period - Snap shot by Alec Martinez.
4:14 of 3rd period - Shot Misses the Net.
4:20 of 3rd period - Backhand shot by Matt Irwin.
4:20 of 3rd period - Stopped by Peter Mannino with a rebound.
5:32 of 3rd period - Andrew Shaw is hit by Tyler Toffoli and loses puck.
5:45 of 3rd period - Icing by Cameron Gaunce.
5:46 of 3rd period - Riley Nash wins face-off versus Tom Pyatt in Mustangs zone.
5:51 of 3rd period - Wrist shot by Joshua Leivo.
5:51 of 3rd period - Stopped by Andrew Hammond with a rebound.
5:55 of 3rd period - Slapshot by Andrew Shaw.
5:55 of 3rd period - Stopped by Andrew Hammond without a rebound.
5:56 of 3rd period - Shawn Matthias wins face-off versus Riley Armstrong in Monarchs zone.
6:21 of 3rd period - Justin Williams is hit by Eric Gryba and loses puck.
7:08 of 3rd period - Slapshot by Tom Gilbert.
7:08 of 3rd period - Deflect By Zac Rinaldo.
7:08 of 3rd period - Shot Misses the Net.
7:08 of 3rd period - Puck is out of play.
7:09 of 3rd period - Rick Schofield wins face-off versus Tom Pyatt in Mustangs zone.
7:41 of 3rd period - Snap shot by Johnny Gaudreau.
7:41 of 3rd period - Stopped by Peter Mannino with a rebound.
7:43 of 3rd period - Slapshot by Justin Williams.
7:43 of 3rd period - Shot Blocked by Denis Bodrov.
7:59 of 3rd period - Riley Cote is hit by Marcus Foligno and loses puck.
8:16 of 3rd period - Snap shot by Andrew Shaw.
8:16 of 3rd period - Stopped by Andrew Hammond with a rebound.
8:18 of 3rd period - Wrist shot by Joshua Leivo.
8:18 of 3rd period - Deflect By Andrew Shaw.
8:18 of 3rd period - Shot Blocked by Zac Rinaldo.
8:18 of 3rd period - Puck is out of play.
8:19 of 3rd period - Tom Pyatt wins face-off versus Riley Nash in Monarchs zone.
8:29 of 3rd period - Off-side.
8:30 of 3rd period - Riley Armstrong wins face-off versus Riley Sheahan in neutral zone.
9:04 of 3rd period - Wrist shot by Eric Wellwood.
9:04 of 3rd period - Stopped by Andrew Hammond with a rebound.
9:16 of 3rd period - Slapshot by Matt Irwin.
9:16 of 3rd period - Shot Blocked by Jim O'Brien.
9:18 of 3rd period - Wrist shot by Riley Cote.
9:18 of 3rd period - Shot Misses the Net.
9:24 of 3rd period - Snap shot by Riley Cote.
9:24 of 3rd period - Goal by Riley Cote - Monarchs : 2 - Mustangs : 4.
9:25 of 3rd period - Ben Eager wins face-off versus Riley Sheahan in neutral zone.
9:28 of 3rd period - Snap shot by Ryan Keller.
9:28 of 3rd period - Shot Misses the Net.
9:30 of 3rd period - Slapshot by Eric Gryba.
9:30 of 3rd period - Shot Misses the Net.
9:55 of 3rd period - Slapshot by Rick Schofield.
9:55 of 3rd period - Shot Blocked by Theo Peckham.
9:57 of 3rd period - Minor Penalty to Tom Gilbert for Hooking.
9:58 of 3rd period - Riley Armstrong wins face-off versus Riley Cote in Monarchs zone.
10:05 of 3rd period - Wrist shot by Ryan Keller.
10:05 of 3rd period - Stopped by Andrew Hammond with a rebound.
10:29 of 3rd period - Shawn Matthias is hit by Eric Wellwood.
10:54 of 3rd period - Justin Faulk is hit by Mark Pysyk and loses puck.
11:01 of 3rd period - Wrist shot by Eric Wellwood.
11:01 of 3rd period - Shot Misses the Net.
11:03 of 3rd period - Slapshot by J.T. Wyman.
11:03 of 3rd period - Stopped by Andrew Hammond without a rebound.
11:04 of 3rd period - Riley Cote wins face-off versus Riley Armstrong in Monarchs zone.
11:04 of 3rd period - Riley Cote is hit by Ben Eager.
11:33 of 3rd period - Shawn Matthias is hit by Ben Eager and loses puck.
11:57 of 3rd period - Penalty to Tom Gilbert is over, Tom Gilbert is back on ice.
12:00 of 3rd period - Theo Peckham is hit by Ryan Keller and loses puck.
12:35 of 3rd period - Denis Bodrov is hit by Johnny Gaudreau and loses puck.
12:46 of 3rd period - Eric Wellwood is hit by Matt Tennyson and loses puck.
13:11 of 3rd period - Snap shot by Marcus Foligno.
13:11 of 3rd period - Stopped by Andrew Hammond with a rebound.
13:43 of 3rd period - Slapshot by Alexandre Grenier.
13:43 of 3rd period - Stopped by Peter Mannino with a rebound.
14:57 of 3rd period - Cameron Gaunce is hit by Justin Faulk and loses puck.
15:49 of 3rd period - Slapshot by Matt Irwin.
15:49 of 3rd period - Stopped by Peter Mannino without a rebound.
15:50 of 3rd period - Zac Rinaldo wins face-off versus Riley Nash in Mustangs zone.
15:51 of 3rd period - Snap shot by Matt Irwin.
15:51 of 3rd period - Stopped by Peter Mannino with a rebound.
16:01 of 3rd period - Slapshot by Joshua Leivo.
16:01 of 3rd period - Shot Blocked by Alec Martinez.
16:51 of 3rd period - Snap shot by Ryan Keller.
16:51 of 3rd period - Shot Blocked by Justin Faulk.
17:25 of 3rd period - Wrist shot by Tyler Toffoli.
17:25 of 3rd period - Shot Misses the Net.
17:39 of 3rd period - Snap shot by Ryan Keller.
17:39 of 3rd period - Stopped by Andrew Hammond with a rebound.
17:47 of 3rd period - Slapshot by Ben Eager.
17:47 of 3rd period - Deflect By Riley Armstrong.
17:47 of 3rd period - Shot Misses the Net.
17:47 of 3rd period - Puck is out of play.
17:48 of 3rd period - Jim O'Brien wins face-off versus Riley Sheahan in Monarchs zone.
17:49 of 3rd period - Snap shot by Marcus Foligno.
17:49 of 3rd period - Shot Misses the Net.
17:51 of 3rd period - Minor Penalty to Johnny Gaudreau for Hooking.
17:52 of 3rd period - Rick Schofield wins face-off versus Alexandre Grenier in Monarchs zone.
17:53 of 3rd period - Slapshot by J.T. Wyman.
17:53 of 3rd period - Shot Blocked by Alexandre Grenier.
17:55 of 3rd period - Slapshot by Rick Schofield.
17:55 of 3rd period - Stopped by Andrew Hammond with a rebound.
17:57 of 3rd period - Slapshot by Eric Wellwood.
17:57 of 3rd period - Stopped by Andrew Hammond without a rebound.
17:58 of 3rd period - Eric Wellwood wins face-off versus Alexandre Grenier in Monarchs zone.
19:44 of 3rd period - Backhand shot by Marcus Foligno.
19:44 of 3rd period - Goal by Marcus Foligno - Monarchs : 2 - Mustangs : 5.
19:45 of 3rd period - Riley Sheahan wins face-off versus Riley Armstrong in neutral zone.
19:48 of 3rd period - Ben Eager is hit by Justin Williams and loses puck.
Goals for this period are 1 for Monarchs vs 1 for Mustangs.
Shots for this period are 8 for Monarchs vs 13 for Mustangs.